ORI
FLORIDA STATE UNIVERSITY SEMINOLES @ UNIVERSITY OF ALABAMA CRIMSON TIDE
12/04/2045
 
TOP OF THE 1ST
Florida State University Seminoles batting - Pitching for University of Alabama Crimson Tide : RHP Man-keung Li
Pitching: RHP Man-keung Li
Batting: RHB Ray Johnson 0-0: Ball
1-0: Ground out U3 (Groundball, 3, EV 82.5 MPH)
Batting: RHB David Lucarelli 0-0: Swinging Strike
0-1: Ball
1-1: Ball
2-1: Ball
3-1: Ground out 1-3 (Groundball, 13S, EV 68.1 MPH)
Batting: LHB Simon Barry 0-0: Foul Ball, location: 2F
0-1: Ball
1-1: Swinging Strike
1-2: SINGLE (Groundball, 34D, EV 102.5 MPH)
Batting: RHB Juan Nieves 0-0: Called Strike
0-1: Ball
1-1: Ground out 1-3 (Groundball, 15S, EV 63.8 MPH)
Top of the 1st over - 0 runs, 1 hit, 0 errors, 1 left on base; Florida State University 0 - University of Alabama 0
BOTTOM OF THE 1ST
University of Alabama Crimson Tide batting - Pitching for Florida State University Seminoles : LHP Brent Edens
Pitching: LHP Brent Edens
Batting: LHB Yu-shu Ni 0-0: Called Strike
0-1: Fly out, F9 (Flyball, 9S, EV 86.2 MPH)
Batting: RHB Jose Cuellar 0-0: Called Strike
0-1: Ball
1-1: Fly out, F8 (Flyball, 8RXD, EV 94.4 MPH)
Batting: RHB Hugo Chavez 0-0: Ball
1-0: Ball
2-0: Ball
3-0: Base on Balls
Batting: LHB Ben Roth 0-0: Foul Ball, location: 2F
0-1: Swinging Strike
0-2: Ground out 4-3 (Groundball, 4, EV 97.5 MPH)
Bottom of the 1st over - 0 runs, 0 hits, 0 errors, 1 left on base; Florida State University 0 - University of Alabama 0
TOP OF THE 2ND
Florida State University Seminoles batting - Pitching for University of Alabama Crimson Tide : RHP Man-keung Li
Batting: RHB Juan Mercado 0-0: Ball
1-0: Fly out, F7 (Flyball, 7LD, EV 94.4 MPH)
Batting: SHB Sammar Wambugu 0-0: Called Strike
0-1: SINGLE (Groundball, 4M, EV 100.6 MPH) (infield hit)
Batting: RHB Jayden Lindsey 0-0: Hit by Pitch
Sammar Wambugu to second
Batting: RHB Matt Derry 0-0: Called Strike
0-1: Fly out, F6 (Popup, 6S, EV 70.6 MPH)
Batting: RHB John Hunt 0-0: Foul Ball, location: 2F
0-1: Ball
1-1: Fly out, F9 (Flyball, 9S, EV 78.8 MPH)
Top of the 2nd over - 0 runs, 1 hit, 0 errors, 2 left on base; Florida State University 0 - University of Alabama 0
BOTTOM OF THE 2ND
University of Alabama Crimson Tide batting - Pitching for Florida State University Seminoles : LHP Brent Edens
Batting: RHB Juan Alvarez 0-0: Ball
1-0: Ball
2-0: Called Strike
2-1: Swinging Strike
2-2: Ball
3-2: Base on Balls
Batting: SHB Jim Unknown 0-0: Foul Ball, location: 2F
0-1: Ball
1-1: Called Strike
1-2: Ball
2-2: Foul Ball, location: 2F
2-2: Ground out 4-3 (Groundball, 34, EV 85.6 MPH)
Juan Alvarez to second
Batting: LHB Isaiah Spitzbarth 0-0: Foul Ball, location: 2F
0-1: Foul Ball, location: 2F
0-2: Ball
1-2: Ball
2-2: Foul Ball, location: 2F
2-2: Foul Ball, location: 2F
2-2: Fly out, F7 (Flyball, 7LSF, EV 86.9 MPH)
Batting: LHB Eddie Corona 0-0: SINGLE (Groundball, 4MD, EV 95.0 MPH)
Juan Alvarez to third
Runner from 3rd tries for Home, throw by CF and OUT! 8-2
Bottom of the 2nd over - 0 runs, 1 hit, 0 errors, 1 left on base; Florida State University 0 - University of Alabama 0
TOP OF THE 3RD
Florida State University Seminoles batting - Pitching for University of Alabama Crimson Tide : RHP Man-keung Li
Batting: RHB Ray Johnson 0-0: Ball
1-0: Called Strike
1-1: Fly out, F8 (Flyball, 8RD, EV 98.1 MPH)
Batting: RHB David Lucarelli 0-0: Called Strike
0-1: Ball
1-1: Foul Ball, location: 2F
1-2: Foul Ball, location: 2F
1-2: Foul Ball, location: 2F
1-2: Ball
2-2: Foul Ball, location: 2F
2-2: Foul Ball, location: 2F
2-2: Foul Ball, location: 2F
2-2: Ground out 6-3 (Groundball, 4M, EV 88.8 MPH)
Batting: LHB Simon Barry 0-0: Ball
1-0: Fly out, F7 (Flyball, 78S, EV 87.5 MPH)
Top of the 3rd over - 0 runs, 0 hits, 0 errors, 0 left on base; Florida State University 0 - University of Alabama 0
BOTTOM OF THE 3RD
University of Alabama Crimson Tide batting - Pitching for Florida State University Seminoles : LHP Brent Edens
Batting: RHB Jose Benavidez 0-0: Called Strike
0-1: Ball
1-1: Called Strike
1-2: Ball
2-2: Ball
3-2: Base on Balls
Batting: LHB Yu-shu Ni 0-0: Fly out, F6 (Popup, 6S, EV 58.8 MPH)
Batting: RHB Jose Cuellar 0-0: DOUBLE (Line Drive, 5D, EV 99.4 MPH)
Jose Benavidez to third
Batting: RHB Hugo Chavez 0-0: Ground out 5-3 (Groundball, 56S, EV 83.8 MPH)
Jose Benavidez scores
Batting: LHB Ben Roth 0-0: Swinging Strike
0-1: Ball
1-1: SINGLE (Groundball, 4D, EV 108.1 MPH)
Jose Cuellar to third
Pitching: RHP Rodrigo Lovato
Batting: RHB Juan Alvarez 0-0: Fly out, F9 (Flyball, 9S, EV 87.5 MPH)
Bottom of the 3rd over - 1 run, 2 hits, 0 errors, 2 left on base; Florida State University 0 - University of Alabama 1
TOP OF THE 4TH
Florida State University Seminoles batting - Pitching for University of Alabama Crimson Tide : RHP Man-keung Li
Batting: RHB Juan Nieves 0-0: Ball
1-0: Ball
2-0: Called Strike
2-1: SINGLE (Groundball, 56S, EV 95.0 MPH)
Batting: RHB Juan Mercado 0-0: Ball
1-0: Foul Ball, location: 2F
1-1: Foul Ball, location: 2F
1-2: Grounds into double play, 4-6-3 (Groundball, 4MS, EV 83.8 MPH)
Batting: SHB Sammar Wambugu 0-0: Ball
1-0: Foul Ball, location: 2F
1-1: Ball
2-1: Foul Ball, location: 2F
2-2: Ball
3-2: Base on Balls
Batting: RHB Jayden Lindsey 0-0: Ball
1-0: SINGLE (Groundball, 56, EV 106.2 MPH)
Sammar Wambugu to second
Batting: RHB Matt Derry 0-0: Called Strike
0-1: Ball
1-1: Ball
2-1: Foul Ball, location: 2F
2-2: SINGLE (Groundball, 34D, EV 110.6 MPH)
Sammar Wambugu to third
Jayden Lindsey to second
Runner from 3rd tries for Home, SAFE, throw by RF to home
Batting: RHB John Hunt 0-0: Swinging Strike
0-1: Ground out 4-3 (Groundball, 4, EV 89.4 MPH)
Top of the 4th over - 1 run, 3 hits, 0 errors, 2 left on base; Florida State University 1 - University of Alabama 1
BOTTOM OF THE 4TH
University of Alabama Crimson Tide batting - Pitching for Florida State University Seminoles : RHP Rodrigo Lovato
Batting: SHB Jim Unknown 0-0: Ball
1-0: Ball
2-0: Ball
3-0: Called Strike
3-1: Foul Ball, location: 2F
3-2: SOLO HOME RUN (Line Drive, 9D, EV 97.5 MPH), Distance : 371 ft
Batting: LHB Isaiah Spitzbarth 0-0: Called Strike
0-1: Ball
1-1: Ball
2-1: Foul Ball, location: 2F
2-2: Ball
3-2: Foul Ball, location: 2F
3-2: DOUBLE (Line Drive, 9LM, EV 103.8 MPH)
Batting: LHB Eddie Corona 0-0: Ball
1-0: SINGLE (Groundball, 34D, EV 96.2 MPH)
Isaiah Spitzbarth to third
Runner from 3rd tries for Home, SAFE, throw by RF to home
Eddie Corona to second
Batting: RHB Jose Benavidez 0-0: Called Strike
0-1: Ball
1-1: Ball
2-1: Foul Ball, location: 2F
2-2: Strikes out swinging
Batting: LHB Yu-shu Ni 0-0: Called Strike
0-1: Ball
1-1: Swinging Strike
1-2: Foul Ball, location: 2F
1-2: Ball
2-2: Ball
3-2: Ground out 1-3 (Groundball, 15, EV 60.6 MPH)
Batting: RHB Jose Cuellar 0-0: Ball
1-0: Ball
2-0: Called Strike
2-1: Foul Ball, location: 2F
2-2: Foul Ball, location: 2F
2-2: Foul Ball, location: 2F
2-2: 2-RUN HOME RUN (Flyball, 78XD, EV 102.5 MPH), Distance : 387 ft
Batting: RHB Hugo Chavez 0-0: Ground out 5-3 (Groundball, 56, EV 104.4 MPH)
Bottom of the 4th over - 4 runs, 4 hits, 0 errors, 0 left on base; Florida State University 1 - University of Alabama 5
TOP OF THE 5TH
Florida State University Seminoles batting - Pitching for University of Alabama Crimson Tide : RHP Man-keung Li
Batting: RHB Ray Johnson 0-0: Ball
1-0: Foul Ball, location: 2F
1-1: Foul Ball, location: 2F
1-2: SINGLE (Groundball, 56, EV 88.8 MPH) (infield hit)
Batting: RHB David Lucarelli 0-0: Swinging Strike
0-1: Ball
Ray Johnson is caught stealing 2nd base 2-4
1-1: Foul Ball, location: 2F
1-2: Ball
2-2: Fly out, F7 (Flyball, 78M, EV 87.5 MPH)
Batting: LHB Simon Barry 0-0: Called Strike
0-1: Ball
1-1: Foul Ball, location: 2F
1-2: Ball
2-2: Ground out 4-3 (Groundball, 34, EV 87.5 MPH)
Top of the 5th over - 0 runs, 1 hit, 0 errors, 0 left on base; Florida State University 1 - University of Alabama 5
BOTTOM OF THE 5TH
University of Alabama Crimson Tide batting - Pitching for Florida State University Seminoles : RHP Rodrigo Lovato
Batting: LHB Ben Roth 0-0: Ball
1-0: Fly out, F7 (Flyball, 7S, EV 88.1 MPH)
Pitching: RHP Jim Unknown
Batting: RHB Juan Alvarez 0-0: Ball
1-0: Called Strike
1-1: Called Strike
1-2: Foul Ball, location: 2F
1-2: Ball
2-2: Ball
3-2: Reached on error, E5 (Groundball, 56S, EV 88.8 MPH)
Batting: SHB Jim Unknown 0-0: Swinging Strike
Juan Alvarez is caught stealing 2nd base 2-6
0-1: Ball
1-1: Ball
2-1: Ground out U3 (Groundball, 3L, EV 103.8 MPH)
Bottom of the 5th over - 0 runs, 0 hits, 1 error, 0 left on base; Florida State University 1 - University of Alabama 5
TOP OF THE 6TH
Florida State University Seminoles batting - Pitching for University of Alabama Crimson Tide : RHP Man-keung Li
Batting: RHB Juan Nieves 0-0: Foul Ball, location: 2F
0-1: Swinging Strike
0-2: Ball
1-2: Hit by Pitch
Pitching: RHP Alejandro Gomez
Batting: RHB Juan Mercado 0-0: Called Strike
0-1: Ball
1-1: Foul Ball, location: 2F
1-2: Ball
2-2: Ball
3-2: Fly out, F9 (Flyball, 9LSF, EV 88.8 MPH)
Batting: SHB Sammar Wambugu 0-0: Ball
1-0: Fielders Choice at 2nd, 4-6 (Groundball, 4, EV 83.1 MPH)
Batting: RHB Jayden Lindsey 0-0: Ball
Sammar Wambugu steals 2nd, throwing error, E2
Sammar Wambugu to third
1-0: Foul Ball, location: 2F
1-1: Ball
2-1: Ball
3-1: Base on Balls
Batting: RHB Matt Derry 0-0: Foul Ball, location: 2F
0-1: Ball
1-1: Swinging Strike
1-2: Foul Ball, location: 2F
1-2: Strikes out swinging
Top of the 6th over - 0 runs, 0 hits, 1 error, 2 left on base; Florida State University 1 - University of Alabama 5
BOTTOM OF THE 6TH
University of Alabama Crimson Tide batting - Pitching for Florida State University Seminoles : RHP Jim Unknown
Batting: LHB Isaiah Spitzbarth 0-0: Ball
1-0: Ground out 6-3 (Groundball, P, EV 86.9 MPH)
Batting: LHB Eddie Corona 0-0: Ball
1-0: SINGLE (Groundball, 34D, EV 96.9 MPH)
Batting: RHB Jose Benavidez 0-0: Ball
1-0: Ball
2-0: Foul Ball, location: 2F
2-1: Called Strike
2-2: Ball
3-2: Foul Ball, location: 2F
3-2: Foul Ball, location: 2F
3-2: Base on Balls
Eddie Corona to second
Batting: LHB Yu-shu Ni 0-0: Ball
1-0: Ball
2-0: Ball
3-0: Base on Balls
Eddie Corona to third
Jose Benavidez to second
Batting: RHB Jose Cuellar 0-0: Called Strike
0-1: Ball
1-1: Ball
2-1: Ball
3-1: Called Strike
3-2: Base on Balls
Eddie Corona scores
Jose Benavidez to third
Yu-shu Ni to second
Batting: RHB Hugo Chavez 0-0: Ball
1-0: Ball
2-0: SINGLE (Groundball, 6D, EV 104.4 MPH)
Jose Benavidez scores
Yu-shu Ni to third
Jose Cuellar to second
Batting: LHB Ben Roth 0-0: Ball
1-0: GRAND SLAM HOME RUN (Flyball, 9LD, EV 93.8 MPH), Distance : 331 ft
Pitching: LHP Jim Unknown
Batting: RHB Juan Alvarez 0-0: Ball
1-0: Foul Ball, location: 2F
1-1: Swinging Strike
1-2: Ball
2-2: SINGLE (Flyball, 34D, EV 87.5 MPH)
Batting: SHB Jim Unknown 0-0: Foul Ball, location: 2F
0-1: Ball
1-1: Ball
2-1: Called Strike
2-2: Fly out, F9 (Flyball, 89S, EV 82.5 MPH)
Batting: LHB Isaiah Spitzbarth 0-0: Ball
1-0: Foul Ball, location: 2F
1-1: Ground out 1-3 (Groundball, P, EV 75.0 MPH)
Bottom of the 6th over - 6 runs, 4 hits, 0 errors, 1 left on base; Florida State University 1 - University of Alabama 11
TOP OF THE 7TH
Florida State University Seminoles batting - Pitching for University of Alabama Crimson Tide : RHP Alejandro Gomez
Pinch Hitting: RHB Oscar Mora 0-0: Ball
1-0: Foul Ball, location: 2F
1-1: Swinging Strike
1-2: Ground out 6-3 (Groundball, 56D, EV 93.1 MPH)
Batting: RHB Ray Johnson 0-0: Called Strike
0-1: Called Strike
0-2: Ball
1-2: Reached on error, E5 (Groundball, 56S, EV 88.1 MPH)
Batting: RHB David Lucarelli 0-0: Ball
1-0: Ball
2-0: Ball
3-0: Called Strike
3-1: Base on Balls
Ray Johnson to second
Batting: LHB Simon Barry 0-0: Called Strike
0-1: SINGLE (Groundball, 56D, EV 98.8 MPH)
Ray Johnson to third
David Lucarelli to second
Runner from 3rd tries for Home, SAFE, throw by LF to home
Batting: RHB Juan Nieves 0-0: SINGLE (Groundball, 5D, EV 96.2 MPH)
David Lucarelli to third
Simon Barry to second
Batting: RHB Emilio Guerra 0-0: SINGLE (Line Drive, 7S, EV 102.5 MPH)
David Lucarelli scores
Simon Barry to third
Juan Nieves to second
Batting: SHB Sammar Wambugu 0-0: Called Strike
0-1: Ball
1-1: Ball
2-1: Ball
3-1: Base on Balls
Simon Barry scores
Juan Nieves to third
Emilio Guerra to second
Batting: RHB Jayden Lindsey 0-0: SINGLE (Groundball, 34D, EV 104.4 MPH)
Juan Nieves scores
Emilio Guerra to third
Sammar Wambugu to second
Pitching: RHP Jim Unknown
Batting: RHB Matt Derry 0-0: Ball
1-0: Foul Ball, location: 2F
1-1: Grounds into double play, 3-6-3 (Groundball, 34S, EV 83.1 MPH)
Top of the 7th over - 4 runs, 4 hits, 1 error, 2 left on base; Florida State University 5 - University of Alabama 11
BOTTOM OF THE 7TH
University of Alabama Crimson Tide batting - Pitching for Florida State University Seminoles : LHP Jim Unknown
Now at 1B: Juan Nieves
Now in LF: Oscar Mora
Batting: LHB Eddie Corona 0-0: Ground out 5-3 (Groundball, 56, EV 76.9 MPH)
Batting: RHB Jose Benavidez 0-0: Ball
1-0: Fly out, F9 (Flyball, 89S, EV 87.5 MPH)
Batting: LHB Yu-shu Ni 0-0: Ground out 6-3 (Groundball, 6M, EV 102.5 MPH)
Bottom of the 7th over - 0 runs, 0 hits, 0 errors, 0 left on base; Florida State University 5 - University of Alabama 11
TOP OF THE 8TH
Florida State University Seminoles batting - Pitching for University of Alabama Crimson Tide : RHP Jim Unknown
Pinch Hitting: RHB Mick Vaught 0-0: Called Strike
0-1: Ball
1-1: Foul Ball, location: 2F
1-2: SINGLE (Groundball, 56D, EV 108.8 MPH)
Batting: RHB Ray Johnson 0-0: Ball
1-0: Foul Ball, location: 2F
1-1: Ball
2-1: Ball
3-1: Foul Ball, location: 2F
3-2: Fly out, F7 (Flyball, 7S, EV 93.1 MPH)
Batting: RHB David Lucarelli 0-0: Ball
1-0: Swinging Strike
1-1: Ball
2-1: Ball
3-1: Hit by Pitch
Mick Vaught to second
Batting: LHB Simon Barry 0-0: Called Strike
0-1: Ball
1-1: Fly out, F9 (Flyball, 9, EV 91.9 MPH)
Batting: RHB Juan Nieves 0-0: Ball
1-0: Ball
2-0: Ball
3-0: Called Strike
3-1: Base on Balls
Mick Vaught to third
David Lucarelli to second
Batting: RHB Emilio Guerra 0-0: Ball
1-0: Called Strike
1-1: Ball
2-1: SINGLE (Groundball, 6S, EV 68.8 MPH) (infield hit)
Mick Vaught scores
David Lucarelli to third
Juan Nieves to second
Batting: SHB Sammar Wambugu 0-0: Ball
1-0: Fly out, F7 (Flyball, 78S, EV 89.4 MPH)
Top of the 8th over - 1 run, 2 hits, 0 errors, 3 left on base; Florida State University 6 - University of Alabama 11
BOTTOM OF THE 8TH
University of Alabama Crimson Tide batting - Pitching for Florida State University Seminoles : LHP Jim Unknown
Now in LF: Ray Johnson
Now in RF: Tu-fu Hang
Batting: RHB Jose Cuellar 0-0: Foul Ball, location: 2F
0-1: Ball
1-1: Called Strike
1-2: Ground out 6-3 (Groundball, 6M, EV 86.2 MPH)
Batting: RHB Hugo Chavez 0-0: Ball
1-0: Called Strike
1-1: Ball
2-1: Ball
3-1: Base on Balls
Batting: LHB Ben Roth 0-0: Foul Ball, location: 2F
0-1: Called Strike
0-2: Ball
1-2: Ball
2-2: Ball
3-2: SINGLE (Groundball, 34D, EV 105.6 MPH)
Hugo Chavez to second
Batting: RHB Juan Alvarez 0-0: Ball
1-0: Called Strike
1-1: Ball
2-1: Ball
3-1: Reached on error, E5 (Groundball, 5L, EV 85.0 MPH)
Hugo Chavez to third
Ben Roth to second
Batting: SHB Jim Unknown 0-0: Called Strike
0-1: Foul Ball, location: 2F
0-2: Ground out 5-3 (Groundball, 5S, EV 74.4 MPH)
Hugo Chavez scores
Ben Roth to third
Juan Alvarez to second
Batting: LHB Isaiah Spitzbarth 0-0: Ball
1-0: Called Strike
1-1: Called Strike
1-2: Ball
2-2: Ball
3-2: Ground out 4-3 (Groundball, 4, EV 87.5 MPH)
Bottom of the 8th over - 1 run, 1 hit, 1 error, 2 left on base; Florida State University 6 - University of Alabama 12
TOP OF THE 9TH
Florida State University Seminoles batting - Pitching for University of Alabama Crimson Tide : RHP Jim Unknown
Batting: RHB Jayden Lindsey 0-0: Foul Ball, location: 2F
0-1: Ball
1-1: Ball
2-1: Foul Ball, location: 2F
2-2: SOLO HOME RUN (Flyball, 78XD, EV 98.8 MPH), Distance : 394 ft
Batting: RHB Matt Derry 0-0: Ball
1-0: Ground out 4-3 (Groundball, 34D, EV 105.6 MPH)
Pinch Hitting: RHB Jonathan Bruni 0-0: Foul Ball, location: 2F
0-1: SINGLE (Line Drive, 34, EV 95.0 MPH)
Batting: RHB Ray Johnson 0-0: Called Strike
0-1: Ball
1-1: SINGLE (Line Drive, 9S, EV 108.8 MPH)
Jonathan Bruni to second
Batting: RHB David Lucarelli 0-0: Ball
1-0: Fly out, F2 (Popup, 2LF, EV 96.9 MPH)
Batting: LHB Simon Barry 0-0: Ball
1-0: DOUBLE (Line Drive, 5D, EV 104.4 MPH)
Jonathan Bruni scores
Ray Johnson to third
Batting: RHB Juan Nieves 0-0: Ball
1-0: Called Strike
1-1: Swinging Strike
1-2: Hit by Pitch
Batting: RHB Emilio Guerra 0-0: Ball
1-0: Called Strike
1-1: Foul Ball, location: 2F
1-2: Ball
2-2: Foul Ball, location: 2F
2-2: Fly out, F8 (Flyball, 8RXD, EV 101.9 MPH)
Top of the 9th over - 2 runs, 4 hits, 0 errors, 3 left on base; Florida State University 8 - University of Alabama 12
Wednesday, June 22nd , 2022 - OOTP Baseball 23.4 Build 64